[Event "Early-Titled-Tuesday-Blitz-May-07-2024"]
[Site "Chess.com"]
[Date "2024.05.07"]
[Round "4"]
[White "Shiner22"]
[Black "Golubovsky"]
[Result "0-1"]
[WhiteElo "2277"]
[BlackElo "2500"]
[TimeControl "180+1"]
[EndTime "8:41:46 PDT"]
[Termination "Golubovsky won on time"]

1. e4 c5 2. d4 cxd4 3. c3 dxc3 4. Nxc3 Nc6 5. Nf3 e6 6. Bc4 a6 7.
O-O Bc5 8. Bg5 Nge7 9. Rc1 b5 10.
Bb3 d6 11. Qe2 O-O 12. Rfd1 Qb6 13. a3 Bb7 14. Nd5 exd5 15. exd5 Nxd5 16. Bxd5 Rae8 17. Qd2 b4 18. Bh6 Ne5 19. Bxb7 Qxb7 20. Nxe5 Rxe5 21. Bf4 Rf5 22. g4 Rf6 23. Bg3 bxa3 24. bxa3 Qf3 25. Rc3 Qxg4 26. h3 Qf5 0-1

[Event "Early-Titled-Tuesday-Blitz-May-07-2024"]
[Site "Chess.com"]
[Date "2024.05.07"]
[Round "4"]
[White "Lily_Schirmbeck"]
[Black "Navyblue1"]
[Result "1/2-1/2"]
[WhiteElo "1661"]
[BlackElo "2239"]
[TimeControl "180+1"]
[EndTime "8:41:46 PDT"]
[Termination "Game drawn by agreement"]

1. e3 Nf6 2. Nf3 g6 3. c4 Bg7 4. Nc3 O-O 5. d4 c6 6. Bd3 d5 7. cxd5 cxd5 8. O-O Nc6 9. Qe2 Bg4 10. h3 Bxf3 11. Qxf3 e5 12. dxe5 Nxe5 13. Qe2 Re8 14. b3 Nxd3 15. Qxd3 Ne4 16. Bb2 Rc8 17. Rac1 Nxc3 18. Bxc3 Bxc3 19. Rxc3 Qa5 20. Rxc8 Rxc8 21. Rd1 Qxa2 22. Qxd5 Qc2 23. h4 Qc6 24. Qd4 a6 25. b4 Qe6 26. h5 gxh5 27. Qd7 Qxd7 28. Rxd7 Rc1+ 29. Kh2 b5 30. Ra7 Rb1 31. Rxa6 Rxb4 32.
Rb6 Rb2 33. Kg3 Kg7 34. Kf3 b4 35. e4 b3 36. Ke3 Rb1 37. Rb5 b2 38. Ke2 h6 39. g3 Kf6 40. f4 Kg6 41. Kf2 f6 42. Ke2 Kf7 1/2-1/2

[Event "Early-Titled-Tuesday-Blitz-May-07-2024"]
[Site "Chess.com"]
[Date "2024.05.07"]
[Round "4"]
[White "InitiatingASC"]
[Black "Artyom_ChessMate"]
[Result "1-0"]
[WhiteElo "2401"]
[BlackElo "2551"]
[TimeControl "180+1"]
[EndTime "8:41:48 PDT"]
[Termination "InitiatingASC won by resignation"]

1. d4 d5 2. c4 e6 3. Nc3 Nf6 4. cxd5 exd5 5. Bg5 c6 6. e3 Qb6 7. Bxf6 Qxb2 8. Qc1 Qxc1+ 9. Rxc1 gxf6 10. Nxd5 Na6 11. Bxa6 Ba3 12. Rc3 cxd5 13. Rxa3 bxa6 14. Ne2 Rb8 15.
O-O Rg8 16. Rc1 Be6 17. Rxa6 Rb7 18. Nf4 Ke7 19. h4 Rd8 20. Rcc6 Bf5 21. Rxf6 Be4 22. Rfc6 Rg8 23. Ra3 Kd7 24. Rca6 Rb1+ 25. Kh2 Rb2 26.
Rxa7+ Kc6 27. R3a6+ Kb5 28. Rb7+ Kxa6 29. Rxb2 Rc8 30.
f3 1-0

[Event "Early-Titled-Tuesday-Blitz-May-07-2024"]
[Site "Chess.com"]
[Date "2024.05.07"]
[Round "4"]
[White "LamaChampetre"]
[Black "noblerone"]
[Result "0-1"]
[WhiteElo "2229"]
[BlackElo "2509"]
[TimeControl "180+1"]
[EndTime "8:41:51 PDT"]
[Termination "noblerone won by resignation"]

1. d4 d5 2. c4 c6 3. Nf3 Nf6 4. e3 Bg4 5. Qb3 Qb6 6. Nc3 e6 7. Bd2 Nbd7 8. h3 Bh5 9. g4 Bg6 10. Nh4 Qxb3 11. axb3 Bc2 12. cxd5 exd5 13. Bg2 Bxb3 14.
Nf5 g6 15. Ng3 Bc4 16. e4 dxe4 17. Ncxe4 Nxe4 18. Nxe4 Be7 19. O-O-O O-O 20. Rhe1 Rfe8 21. g5 Bd5 22. h4 a5 23. Bh3 Nb6 24. Bf4 a4 25.
Be5 Nc4 26. Nf6+ Bxf6 27. Bxf6 a3 28. bxa3 Nxa3 29. Rxe8+ Rxe8 30. Kd2 Nc4+ 31. Kd3 Nb2+ 32. Kd2 Nxd1 33. Kxd1 b5 34. Kd2 b4 35. f4 b3 36.
Kc3 Re3+ 0-1

[Event "Early-Titled-Tuesday-Blitz-May-07-2024"]
[Site "Chess.com"]
[Date "2024.05.07"]
[Round "4"]
[White "RusPakhom"]
[Black "sewlins"]
[Result "1-0"]
[WhiteElo "2389"]
[BlackElo "2206"]
[TimeControl "180+1"]
[EndTime "8:41:51 PDT"]
[Termination "RusPakhom won on time"]

1. d4 e6 2. g3 c5 3. Nf3 cxd4 4. Nxd4 d5 5. Bg2 e5 6. Nb3 Nf6 7. O-O Nc6 8. Bg5 d4 9. c3 Be7 10. Bxc6+ bxc6 11. cxd4 exd4 12. Qxd4 Qc7 13. Bf4 Qb7 14. Nc3 O-O 15. Rfd1 Bg4 16. f3 Bh5 17. Rac1 Rfd8 18. Qe5 Bg6 19. e4 a5 20. Na4 Re8 21. Qc3 Qa7+ 22.
Be3 Qb8 23. Qxc6 h5 24. Kg2 h4 25. Bf4 Qb4 26. Rc4 1-0

[Event "Early-Titled-Tuesday-Blitz-May-07-2024"]
[Site "Chess.com"]
[Date "2024.05.07"]
[Round "4"]
[White "OppieZippy"]
[Black "Aklan10n"]
[Result "0-1"]
[WhiteElo "2369"]
[BlackElo "2216"]
[TimeControl "180+1"]
[EndTime "8:41:52 PDT"]
[Termination "Aklan10n won by checkmate"]

1. Nf3 c6 2. g3 d5 3. Bg2 Nf6 4. O-O Bd7 5. b3 Qc8 6. Bb2 Bh3 7. c4 Bxg2 8. Kxg2 Nbd7 9. d3 Qb8 10. Nbd2 a5 11. Rc1 e6 12. e4 Be7 13. Re1 dxe4 14. dxe4 a4 15. e5 Ng8 16. Ne4 axb3 17. axb3 Nc5 18.
Nd6+ Bxd6 19. exd6 Nf6 20. Bxf6 gxf6 21. Qd4 Nd7 22. c5 O-O 23. Re4 f5 24. Rh4 Qd8 25. b4 Qf6 26. Qd3 e5 27. Qc3 Rfe8 28. Re1 e4 29.
Nd4 Ra2 30. Rf4 Re5 31. Qb3 Rd2 32. Ne2 Red5 33. Kg1 Ne5 34. Kg2 Nd3 35. Ra1 Rxe2 36. Ra8+ Kg7 37. Rh4 Rxf2+ 38. Kh3 f4 39. Rg4+ Rg5 40.
Rxg5+ Qxg5 41. Qc3+ Kh6 42. g4 Rf3+ 43. Kg2 Qxg4+ 44.
Kh1 Nf2# 0-1

[Event "Early-Titled-Tuesday-Blitz-May-07-2024"]
[Site "Chess.com"]
[Date "2024.05.07"]
[Round "4"]
[White "Kostukov_Alex"]
[Black "miaou33"]
[Result "0-1"]
[WhiteElo "2368"]
[BlackElo "2546"]
[TimeControl "180+1"]
[EndTime "8:41:53 PDT"]
[Termination "miaou33 won by resignation"]

1. g3 h5 2. Nf3 Nc6 3. d4 d6 4. d5 Ne5 5. Nxe5 dxe5 6. h4 e6 7. Bg2 exd5 8. Qxd5 Qxd5 9. Bxd5 Nf6 10. Bg2 Bc5 11.
c4 c6 12. Nc3 Be6 13. b3 O-O-O 14. Bb2 Ng4 15. Kf1 Bxf2 16. Ne4 Bd4 17. Bc3 f6 18.
Bxd4 Rxd4 19. Bf3 Bf5 20. Nc3 Rhd8 21. Rc1 Rd2 22. Be4 Bxe4 23. Nxe4 Rxa2 24. c5 Rd4 25. Nd6+ Kb8 26. Nc4 Rd5 27. b4 Rd4 28. Ke1 Re4 29. Nd2 Rxb4 30. Nc4 Rxc4 31. Rc3 Rxc3 0-1

[Event "Early-Titled-Tuesday-Blitz-May-07-2024"]
[Site "Chess.com"]
[Date "2024.05.07"]
[Round "4"]
[White "Niilo1"]
[Black "balack95"]
[Result "0-1"]
[WhiteElo "2304"]
[BlackElo "2506"]
[TimeControl "180+1"]
[EndTime "8:41:53 PDT"]
[Termination "balack95 won on time"]

1. e4 c6 2. Nc3 d5 3. Nf3 dxe4 4. Nxe4 Nf6 5. Qe2 Nxe4 6. Qxe4 Nd7 7. Bc4 Nf6 8. Ne5 e6 9. Qe2 Bd6 10. d4 O-O 11.
O-O h6 12. Bd3 Qc7 13. f4 c5 14. c3 cxd4 15. cxd4 Bd7 16. g4 Bxe5 17. fxe5 Nd5 18. Bxh6 gxh6 19. Qe4 f5 20. exf6 Be8 21. f7+ Rxf7 22.
Qxe6 Qc6 23. Qe4 Rg7 24. Qf3 Qd6 25. Bc4 Bc6 26. Rae1 Rf8 27. Qb3 Rxg4+ 28. Kh1 Rxf1+ 29. Rxf1 Kg7 0-1

[Event "Early-Titled-Tuesday-Blitz-May-07-2024"]
[Site "Chess.com"]
[Date "2024.05.07"]
[Round "4"]
[White "secretsuperstar7"]
[Black "klifus"]
[Result "1/2-1/2"]
[WhiteElo "2472"]
[BlackElo "2224"]
[TimeControl "180+1"]
[EndTime "8:41:53 PDT"]
[Termination "Game drawn by repetition"]

1. c4 Nf6 2. Nc3 g6 3. g3 Bg7 4. Bg2 O-O 5. Nf3 c5 6. O-O Nc6 7. d3 d6 8. a3 Rb8 9. Rb1 a6 10. Ne1 Bd7 11. b4 cxb4 12. axb4 b5 13. cxb5 axb5 14.
Nc2 Qc8 15. Bg5 Bh3 16. Bxf6 Bxf6 17. Nd5 Bxg2 18. Nxf6+ exf6 19. Kxg2 Re8 20. d4 d5 21. Ne3 Qe6 22. Qd3 f5 23. Rfc1 Rec8 24. Rc5 Ne7 25. Rbc1 Rxc5 26. dxc5 Qe4+ 27. Qxe4 dxe4 28.
Rd1 Nc6 29. Nd5 Kg7 30. Ra1 Rd8 31. Ra6 Rxd5 32. Rxc6 Rd4 33. Rb6 Rxb4 34. c6 Rc4 35. Rxb5 Rxc6 36. h4 h5 37. Ra5 Rd6 38. Rb5 Rc6 39.
e3 Rc2 40. Ra5 Rd2 41. Rb5 Rc2 42. Ra5 Rd2 43. Rb5 Rc2 1/2-1/2

[Event "Early-Titled-Tuesday-Blitz-May-07-2024"]
[Site "Chess.com"]
[Date "2024.05.07"]
[Round "4"]
[White "MasterKroket"]
[Black "DenisQ"]
[Result "0-1"]
[WhiteElo "2510"]
[BlackElo "2710"]
[TimeControl "180+1"]
[EndTime "8:41:54 PDT"]
[Termination "DenisQ won by resignation"]

1. e4 c6 2. d4 d5 3. e5 c5 4.
dxc5 Nc6 5. f4 e6 6. Nf3 Bxc5 7. Bb5 Ne7 8. Qe2 O-O 9. c3 Bd7 10. Bd3 f6 11. exf6 Rxf6 12. b4 Bb6 13. a4 a6 14.
a5 Bc7 15. O-O Qf8 16. Ng5 g6 17. Na3 e5 18. fxe5 Nxe5 19. Bd2 Bg4 20. Qe3 Nf5 21. Bxf5 Bxf5 22. Nf3 Re8 23. Qa7 Bd3 24. Rf2 Nxf3+ 25. gxf3 Rxf3 26. Qc5 Rxf2 27. Qxf2 Qxf2+ 28. Kxf2 Re2+ 0-1

[Event "Early-Titled-Tuesday-Blitz-May-07-2024"]
[Site "Chess.com"]
[Date "2024.05.07"]
[Round "4"]
[White "Lady_Nika"]
[Black "Senn71"]
[Result "1-0"]
[WhiteElo "2485"]
[BlackElo "2211"]
[TimeControl "180+1"]
[EndTime "8:41:55 PDT"]
[Termination "Lady_Nika won on time"]

1. g4 d5 2. h3 c6 3. d4 h5 4.
g5 g6 5. Bg2 Bg7 6. c3 Nd7 7.
f4 e6 8. Nd2 Ne7 9. e4 dxe4 10.
Nxe4 Nf5 11. Ne2 Qc7 12. Qb3 c5 13. dxc5 Nxc5 14. Qb5+ Nd7 15. Bd2 O-O 16. O-O-O a6 17. Qb3 Rb8 18. N2g3 Nxg3 19. Nxg3 Nc5 20. Qc2 b5 21. Be3 b4 22. cxb4 Rxb4 23. Bxc5 Rxb2 24. Qc4 Rxg2 25. Ne4 Qxf4+ 26. Rd2 Qe5 27. Bxf8 Qa1+ 28. Kc2 Rxd2+ 29. Nxd2 Qb2+ 30. Kd3 Bb7 31. Rb1 Qa3+ 32. Bxa3 1-0

[Event "Early-Titled-Tuesday-Blitz-May-07-2024"]
[Site "Chess.com"]
[Date "2024.05.07"]
[Round "4"]
[White "mary-sanna"]
[Black "Mr_ruthless"]
[Result "0-1"]
[WhiteElo "2218"]
[BlackElo "2489"]
[TimeControl "180+1"]
[EndTime "8:41:57 PDT"]
[Termination "Mr_ruthless won by checkmate"]

1. d4 Nf6 2. Nc3 b6 3. e4 Bb7 4.
Bd3 d6 5. Nf3 g6 6. O-O Bg7 7. Bg5 O-O 8. Qd2 Nbd7 9. Bh6 e5 10.
Bxg7 Kxg7 11. d5 Nh5 12. Ne2 f5 13. c4 f4 14. g3 g5 15. gxf4 Nxf4 16. Ng3 Nc5 17.
Nf5+ Rxf5 18. exf5 Ncxd3 19. Kh1 Qf6 20. Rg1 h6 21.
Rg3 Qxf5 22. Rag1 Qe4 23. h4 Kf6 24. Qe3 Qf5 25. Rg4 Nh3 26. R1g2 Nhxf2+ 27. Rxf2 Nxf2+ 28. Qxf2 Qxg4 29. Nxe5+ Qf4 30. hxg5+ hxg5 31. Ng4+ Kg7 32. Qe2 Rh8+ 33. Kg1 Qg3+ 34. Kf1 Rh1# 0-1

[Event "Early-Titled-Tuesday-Blitz-May-07-2024"]
[Site "Chess.com"]
[Date "2024.05.07"]
[Round "4"]
[White "Chess23Wizzard"]
[Black "BeReal24"]
[Result "1-0"]
[WhiteElo "2680"]
[BlackElo "2489"]
[TimeControl "180+1"]
[EndTime "8:41:58 PDT"]
[Termination "Chess23Wizzard won by resignation"]

1. Nf3 Nf6 2. e3 e6 3. c4 d5 4. Nc3 c5 5. cxd5 exd5 6. d4 a6 7. b3 cxd4 8. Nxd4 Bb4 9. Bd2 O-O 10. Bd3 Nc6 11. Nce2 Bd6 12. Rc1 Bg4 13. h3 Bh5 14.
Nxc6 bxc6 15. Rxc6 Qd7 16. Qc2 Rfc8 17. Nd4 Rxc6 18.
Qxc6 Qxc6 19. Nxc6 Rc8 20. Nd4 a5 21. g4 Bg6 22. Ke2 Ra8 23. f3 a4 24. b4 Rb8 25.
a3 Bxd3+ 26. Kxd3 Nd7 27. Rc1 Ne5+ 28. Ke2 Nc4 29. Nc6 Rb6 30. Na5 Nxa3 31. Rc8+ Bf8 32. Nc6 Rb7 33. b5 Nc2 34. Kd1 a3 35. Kxc2 a2 36. Bb4 h5 37. Rxf8+ Kh7 38. Kb2 Rxb5 39. Kxa2 d4 40. exd4 hxg4 41. hxg4 1-0

[Event "Early-Titled-Tuesday-Blitz-May-07-2024"]
[Site "Chess.com"]
[Date "2024.05.07"]
[Round "4"]
[White "Pedrada88"]
[Black "kidagent"]
[Result "1-0"]
[WhiteElo "2554"]
[BlackElo "2367"]
[TimeControl "180+1"]
[EndTime "8:42:01 PDT"]
[Termination "Pedrada88 won by resignation"]

1. e4 c6 2. d4 d5 3. e5 Bf5 4.
Nf3 e6 5. Be2 c5 6. O-O Nc6 7.
Be3 cxd4 8. Nxd4 Nge7 9. f4 Nxd4 10. Bxd4 Nc6 11. Kh1 Be7 12. c3 O-O 13. Nd2 Rc8 14. Nf3 f6 15. Bd3 fxe5 16. Nxe5 Nxd4 17. cxd4 Bd6 18.
Bxf5 Rxf5 19. Qd3 Qh4 20. g3 Qh3 21. Rae1 Rh5 22. Rf2 Rf8 23. Qf3 g5 24. Nd7 Rf7 25. Ne5 Rf8 26. g4 Qxf3+ 27. Nxf3 Rh6 28. fxg5 Rg6 29.
Kg2 Bf4 30. h4 h6 31. h5 Rg7 32. g6 Re7 33. Ne5 Bg5 34. Rxf8+ Kxf8 35. Rf1+ Ke8 36. Rf7 Rxf7 37. Nxf7 Be3 38. g5 hxg5 39. h6 Bxd4 40.
Nxg5 Bxb2 41. g7 1-0

[Event "Early-Titled-Tuesday-Blitz-May-07-2024"]
[Site "Chess.com"]
[Date "2024.05.07"]
[Round "4"]
[White "C_K_G"]
[Black "abelmat"]
[Result "1-0"]
[WhiteElo "2283"]
[BlackElo "2018"]
[TimeControl "180+1"]
[EndTime "8:42:02 PDT"]
[Termination "C_K_G won by checkmate"]

1. e4 e6 2. Nf3 d5 3. Nc3 dxe4 4. Nxe4 Nd7 5. d4 Ngf6 6. Ng3 Be7 7. Bd3 O-O 8. O-O b6 9. Re1 Bb7 10. c4 c5 11. Be3 cxd4 12. Bxd4 Nc5 13. Bc2 Bxf3 14.
gxf3 a5 15. Kh1 Qc7 16. Qe2 Rad8 17. Bc3 Qf4 18. Rg1 g6 19. Be5 Qh4 20. Bc7 Rd4 21. Bxb6 Rxc4 22. Bxa5 Nd5 23. Ne4 Nf4 24. Qxc4 Nh3 25.
Rg2 Nf4 26. Rg4 Nxe4 27. Qxe4 Qh5 28. Rxf4 Qxa5 29. Bb3 Bd6 30. Rh4 Qg5 31. Rd1 Bb8 32. Bxe6 fxe6 33. Qxe6+ Kg7 34. Rd7+ Rf7 35. Qxf7+ Kh8 36.
Qxh7# 1-0

[Event "Early-Titled-Tuesday-Blitz-May-07-2024"]
[Site "Chess.com"]
[Date "2024.05.07"]
[Round "4"]
[White "AlexeiShirov"]
[Black "OparinGrigoriy"]
[Result "1/2-1/2"]
[WhiteElo "2849"]
[BlackElo "2982"]
[TimeControl "180+1"]
[EndTime "8:42:03 PDT"]
[Termination "Game drawn by repetition"]

1. e4 c5 2. Nf3 Nc6 3. d4 cxd4 4. Nxd4 e5 5. Nb5 d6 6. c4 g6 7. h4 a6 8. N5c3 Nf6 9. Bg5 Be7 10. Be2 Nd4 11.
Nd2 h5 12. Nb3 Ne6 13. Be3 Ng4 14. Bxg4 hxg4 15. g3 Nc7 16. Bb6 Qd7 17. a4 Qc6 18. a5 Be6 19. Nd5 Bxd5 20. cxd5 Qd7 21. Bxc7 Qxc7 22.
Qxg4 Qc4 23. Nd2 Qb5 24. Qe2 Qxb2 25. O-O Qd4 26. Nc4 Rc8 27. Rac1 O-O 28. Rfd1 Qc5 29. h5 Kg7 30. Qg4 Qb4 31. Ne3 Rxc1 32. Rxc1 Bd8 33.
Nf5+ Kh7 34. hxg6+ fxg6 35. Qh3+ Kg8 36. Qh6 gxf5 37.
Qg6+ Kh8 38. Qh6+ Kg8 39. Qg6+ Kh8 40. Qh6+ Kg8 1/2-1/2

[Event "Early-Titled-Tuesday-Blitz-May-07-2024"]
[Site "Chess.com"]
[Date "2024.05.07"]
[Round "4"]
[White "mapleaff"]
[Black "Zq1"]
[Result "0-1"]
[WhiteElo "2265"]
[BlackElo "2626"]
[TimeControl "180+1"]
[EndTime "8:42:03 PDT"]
[Termination "Zq1 won on time"]

1. e4 c5 2. Nf3 d6 3. Bb5+ Bd7 4. Bxd7+ Qxd7 5. c4 e5 6. O-O Nc6 7. Nc3 g6 8. d3 Bg7 9. Bg5 h6 10. Bd2 Nge7 11.
a3 O-O 12. Qc1 Kh7 13. Rb1 f5 14. exf5 Nxf5 15. Nd5 g5 16. Bc3 g4 17. Nd2 Ncd4 18. Qd1 h5 19. h3 Nh4 20. hxg4 Qxg4 21. Qxg4 hxg4 22. Bxd4 exd4 23. Ne4 Be5 24. b4 b6 25. g3 Nf3+ 26. Kg2 Kg6 27. Rh1 Rh8 28. Nc7 Raf8 29. Nb5 Rxh1 30. Rxh1 a6 31. Nc7 cxb4 32. axb4 a5 33. Nd5 a4 34. Ra1 Rh8 35. Rh1 Rxh1 36. Kxh1 a3 0-1

[Event "Early-Titled-Tuesday-Blitz-May-07-2024"]
[Site "Chess.com"]
[Date "2024.05.07"]
[Round "4"]
[White "LeoWin2012"]
[Black "MikeSailer"]
[Result "1-0"]
[WhiteElo "2309"]
[BlackElo "2114"]
[TimeControl "180+1"]
[EndTime "8:42:03 PDT"]
[Termination "LeoWin2012 won on time"]

1. e4 c5 2. d4 cxd4 3. c3 g6 4. cxd4 Bg7 5. Nc3 d6 6. Nf3 Nf6 7. h3 O-O 8. Be3 a6 9. Be2 b5 10. a3 Bb7 11. d5 Nbd7 12. O-O Rc8 13. Bd4 Nc5 14. Nd2 e5 15. Be3 Ne8 16. b4 Nd7 17. Qb3 f5 18. f3 Nef6 19. a4 bxa4 20. Rxa4 Nh5 21. Bxa6 Bxa6 22. Rxa6 Ndf6 23. Nb5 Ne8 24. Rfa1 Ng3 25. Nc4 fxe4 26. Ncxd6 Rb8 27. Nxe8 Qxe8 28. Nc7 Qf7 29. Ne6 exf3 30. Nxf8 Rxf8 31. Bf2 fxg2 32. Qxg3 e4 33. Re1 Be5 34. Qxg2 1-0

[Event "Early-Titled-Tuesday-Blitz-May-07-2024"]
[Site "Chess.com"]
[Date "2024.05.07"]
[Round "4"]
[White "1800_strength"]
[Black "TrompeterImEther"]
[Result "0-1"]
[WhiteElo "2795"]
[BlackElo "2589"]
[TimeControl "180+1"]
[EndTime "8:42:05 PDT"]
[Termination "TrompeterImEther won by resignation"]

1. a4 Nf6 2. Ra3 e6 3. b3 d5 4.
Bb2 Bxa3 5. Nxa3 O-O 6. g3 Nbd7 7.
Bg2 c5 8. e3 b6 9. Ne2 Bb7 10. O-O Rc8 11. d3 Qe7 12. h3 e5 13.
Kh2 Rfe8 14. Qa1 Nf8 15. Nb1 d4 16. e4 N6d7 17. f4 exf4 18. Nxf4 Ne5 19. Nd2 Nfg6 20.
Nh5 Rcd8 21. Qd1 Bc8 22. Bc1 Be6 23. Nf4 a6 24. Nd5 Bxd5 25. exd5 b5 26. axb5 axb5 27. Ne4 h6 28. Qh5 c4 29. Bxh6 cxd3 30. cxd3 gxh6 31.
Qxh6 Rd6 32. Rf5 Red8 33. Nxd6 Rxd6 34. Be4 Qf8 35. Qg5 Qg7 36. h4 f6 37. Qh5 Nf8 38.
Qe2 Qg4 39. Qd2 Kg7 40. Rf4 Qh5 41. Kg2 Nfg6 42. Rf5 Qg4 43. Kf2 Qh3 44. Rh5 Ng4+ 45. Kf3 N6e5+ 46. Kf4 Qf1+ 0-1

[Event "Early-Titled-Tuesday-Blitz-May-07-2024"]
[Site "Chess.com"]
[Date "2024.05.07"]
[Round "4"]
[White "CarlosjPineror"]
[Black "maksimys18"]
[Result "1-0"]
[WhiteElo "2720"]
[BlackElo "2508"]
[TimeControl "180+1"]
[EndTime "8:42:06 PDT"]
[Termination "CarlosjPineror won by resignation"]

1. e4 e6 2. d3 d5 3. Nd2 c5 4. Ngf3 Nc6 5. g3 Nf6 6. Bg2 Be7 7. O-O O-O 8. e5 Nd7 9. Re1 b5 10. h4 Bb7 11. Nf1 c4 12. d4 b4 13. Bf4 Re8 14.
N1h2 f6 15. exf6 Bxf6 16. Ng4 Nf8 17. h5 h6 18. c3 bxc3 19. bxc3 Ne7 20. Nxf6+ gxf6 21. Bxh6 Nf5 22. Bd2 Qe7 23. g4 Nd6 24. g5 fxg5 25.
Bxg5 Qh7 26. Ne5 Nd7 27. Qg4 Nxe5 28. Rxe5 Kf7 29. Rae1 Nf5 30. Bh3 Rg8 31. f4 Rae8 32. Qd1 Bc6 33. Bxf5 Rxg5+ 34. fxg5 Qg7 35. Bg6+ Kf8 36.
Bxe8 Bxe8 37. Qf3+ Kg8 38. Qf6 Qc7 39. g6 Qb7 40. Qxe6+ Kg7 41. Qe7+ Kh6 42. Qxb7 1-0

[Event "Early-Titled-Tuesday-Blitz-May-07-2024"]
[Site "Chess.com"]
[Date "2024.05.07"]
[Round "4"]
[White "Ginger_GM"]
[Black "Kirillov_Andrey"]
[Result "1-0"]
[WhiteElo "2665"]
[BlackElo "2451"]
[TimeControl "180+1"]
[EndTime "8:42:06 PDT"]
[Termination "Ginger_GM won on time"]

1. Nf3 Nf6 2. c4 g6 3. Nc3 Bg7 4. e4 O-O 5. h4 d6 6. d3 Bg4 7. Be2 c5 8. Ng1 Bd7 9. h5 Nc6 10. Be3 a6 11. Qd2 Nd4 12. Bh6 e6 13. Bxg7 Kxg7 14. hxg6 fxg6 15. Qh6+ Kg8 16. e5 dxe5 17. Ne4 Rf7 18. Ng5 Rg7 19. O-O-O Bc6 20. Rh4 b5 21.
Bg4 Nxg4 22. Rxg4 bxc4 23. Nxh7 Rxh7 24. Qxg6+ Kh8 25. Nf3 Nxf3 26. dxc4 Qf8 27. Qxe6 Rc8 28. gxf3 Re8 29. Qxc6 Qf7 30. Qe4 1-0

[Event "Early-Titled-Tuesday-Blitz-May-07-2024"]
[Site "Chess.com"]
[Date "2024.05.07"]
[Round "4"]
[White "Djager97"]
[Black "pirulillo"]
[Result "0-1"]
[WhiteElo "2557"]
[BlackElo "2392"]
[TimeControl "180+1"]
[EndTime "8:42:06 PDT"]
[Termination "pirulillo won on time"]

1. e4 c5 2. Nc3 Nc6 3. f4 g6 4.
Nf3 Bg7 5. Bb5 Nd4 6. Nxd4 cxd4 7. Ne2 Nf6 8. e5 Nd5 9. O-O Qb6 10. Bd3 Nb4 11. b3 Nxd3 12. cxd3 d6 13. exd6 Qxd6 14. Bb2 O-O 15. Ng3 f5 16. Rc1 Bd7 17. Qe2 Rac8 18. Qf2 Rxc1 19. Rxc1 Bc6 20. Ne2 Rd8 21. Rc4 Bb5 22.
Rxd4 Bxd4 23. Nxd4 Bxd3 24. Bc3 b5 25. b4 a5 26. a3 axb4 27. axb4 Ra8 28. h3 Be4 29. Nxb5 Qd3 30. Nd4 Rc8 31. b5 Rxc3 32. dxc3 Qxc3 33. Kh2 Qc1 34. b6 Qb1 35. Ne6 h6 36. Qd4 Kf7 37. Nd8+ Ke8 38. Ne6 Qc2 39. Qh8+ Kd7 40. Nf8+ Kc6 0-1

[Event "Early-Titled-Tuesday-Blitz-May-07-2024"]
[Site "Chess.com"]
[Date "2024.05.07"]
[Round "4"]
[White "gurelediz"]
[Black "KononenkoD"]
[Result "1-0"]
[WhiteElo "2946"]
[BlackElo "2614"]
[TimeControl "180+1"]
[EndTime "8:42:07 PDT"]
[Termination "gurelediz won by checkmate"]

1. b3 c5 2. Bb2 Nc6 3. Nf3 d6 4. e3 Bg4 5. d4 cxd4 6. exd4 Nf6 7. Be2 d5 8. O-O e6 9. h3 Bh5 10. Nbd2 Be7 11. Ne5 Bxe2 12. Qxe2 O-O 13. c4 dxc4 14. Nxc6 bxc6 15. Nxc4 c5 16. Rfd1 Qc7 17. dxc5 Qxc5 18. Rac1 Qg5 19. Ne5 Rac8 20. Nc6 Bc5 21. Bxf6 gxf6 22.
h4 Qf5 23. g4 Bxf2+ 24. Qxf2 Qxg4+ 25. Kh2 Kh8 26. Qxf6+ Qg7 27. Qxg7+ Kxg7 28. Ne5 Rxc1 29. Rxc1 Rd8 30. Rc7 Rd2+ 31. Kg3 Rxa2 32. Rxf7+ Kg8 33. Rb7 a5 34. Ng4 Ra3 35. Nf6+ Kf8 36. Nxh7+ Ke8 37. Nf6+ Kd8 38. h5 Kc8 39. Rb5 a4 40. h6 axb3 41. h7 b2+ 42. Kg2 Ra2 43. h8=Q+ Kc7 44. Qb8+ Kc6 45.
Qb6# 1-0

[Event "Early-Titled-Tuesday-Blitz-May-07-2024"]
[Site "Chess.com"]
[Date "2024.05.07"]
[Round "4"]
[White "ilqar_74"]
[Black "ChainedDowntohell"]
[Result "1-0"]
[WhiteElo "2836"]
[BlackElo "2580"]
[TimeControl "180+1"]
[EndTime "8:42:07 PDT"]
[Termination "ilqar_74 won by checkmate"]

1. e4 c5 2. Nf3 Nc6 3. d4 cxd4 4. Nxd4 g6 5. c4 Nf6 6. Nc3 d6 7. Be2 Nxd4 8. Qxd4 Bg7 9. O-O O-O 10. Qd3 a5 11. Be3 a4 12. Bd4 Qa5 13. Rfd1 Be6 14. Rab1 Nd7 15.
Bxg7 Kxg7 16. Qd4+ f6 17. h4 Rfc8 18. Rdc1 Rc7 19.
b4 axb3 20. axb3 Qb4 21. Qd1 Nc5 22. h5 g5 23. g3 Rcc8 24. Bg4 Bxg4 25. Qxg4 Nxb3 26.
Nd5 Qa4 27. Nb6 Qa3 28. Rc3 Qc5 29. Rcxb3 Ra2 30. Qf3 Rc6 31. Nd5 Rca6 32. Rxb7 Ra1 33. Rxe7+ Kg8 34. Rxa1 Rxa1+ 35. Kg2 Qxc4 36. Nxf6+ Kf8 37.
Nd5+ Kg8 38. Qf7+ Kh8 39. Re8# 1-0

[Event "Early-Titled-Tuesday-Blitz-May-07-2024"]
[Site "Chess.com"]
[Date "2024.05.07"]
[Round "4"]
[White "Semetey"]
[Black "MarkusRagger"]
[Result "1/2-1/2"]
[WhiteElo "2587"]
[BlackElo "2818"]
[TimeControl "180+1"]
[EndTime "8:42:07 PDT"]
[Termination "Game drawn by agreement"]

1. Nc3 d5 2. d4 Nf6 3. Bf4 g6 4.
e3 Bg7 5. Nb5 Na6 6. h3 O-O 7.
Nf3 Ne4 8. Nd2 c6 9. Nxe4 dxe4 10.
Nc3 c5 11. Bxa6 bxa6 12. dxc5 Qa5 13. O-O Qxc5 14. Nxe4 Qc6 15. Nc3 Bb7 16. f3 Rfd8 17. Qe2 Bxc3 18. bxc3 Qxc3 19. Rfd1 f6 20. e4 Rac8 21.
Rxd8+ Rxd8 22. Rd1 Rxd1+ 23. Qxd1 Kf7 24. Qb1 Bc6 25. Qb3+ Qxb3 26. cxb3 a5 27. Kf2 a4 28. bxa4 Bxa4 29. Ke3 Bb5 30. Bb8 a6 31. h4 g5 32. g3 Kg6 33. hxg5 fxg5 34. g4 Kf6 35. Bc7 Ke6 36. a3 Bc4 37. Kd4 Bb3 38. Ba5 Bd1 39.
Ke3 Kf6 40. Bc3+ Kg6 41. Bb4 e6 42. Be7 h5 43. gxh5+ Kxh5 44. Kf2 g4 45. fxg4+ Kxg4 46. Ke3 Bc2 47. e5 Kf5 48. Bd6 Bb1 1/2-1/2

[Event "Early-Titled-Tuesday-Blitz-May-07-2024"]
[Site "Chess.com"]
[Date "2024.05.07"]
[Round "4"]
[White "Zheenbekov86"]
[Black "BirdMaster3000"]
[Result "0-1"]
[WhiteElo "2416"]
[BlackElo "2632"]
[TimeControl "180+1"]
[EndTime "8:42:07 PDT"]
[Termination "BirdMaster3000 won on time"]

1. Nf3 f5 2. d4 Nf6 3. g3 g6 4. Bg2 Bg7 5. O-O O-O 6. c4 d6 7.
Nc3 Qe8 8. d5 Na6 9. Re1 Nc5 10.
Qc2 Nfe4 11. Be3 Nxc3 12. bxc3 e5 13. dxe6 Bxe6 14. Bxc5 dxc5 15. Ng5 Bxc4 16. Bxb7 Rb8 17. Bg2 Qe5 18. Rac1 Rfd8 19. Qa4 Bb5 20. Qxa7 f4 21.
Ne4 Bf8 22. c4 Bc6 23. Nc3 Ra8 24. gxf4 Qxf4 25. Nd5 Qxc1 0-1

[Event "Early-Titled-Tuesday-Blitz-May-07-2024"]
[Site "Chess.com"]
[Date "2024.05.07"]
[Round "4"]
[White "vedantgoswami"]
[Black "CristianS27"]
[Result "0-1"]
[WhiteElo "2374"]
[BlackElo "2558"]
[TimeControl "180+1"]
[EndTime "8:42:08 PDT"]
[Termination "CristianS27 won by checkmate"]

1. b3 e5 2. Bb2 Nc6 3. c4 Nf6 4. Nf3 Bc5 5. e3 Qe7 6. Be2 O-O 7. Nc3 e4 8. Ng5 h6 9. Nh3 d6 10. Nf4 Bd7 11. Ncd5 Nxd5 12. Nxd5 Qg5 13. g3 Bb6 14.
Qc2 Rfe8 15. h4 Qd8 16. O-O-O Ne5 17. Qc3 c6 18. Nf4 a5 19. d4 exd3 20. Nxd3 Qe7 21. f4 Bxe3+ 22. Kb1 Bf5 23. fxe5 dxe5 24. g4 Bh7 25.
Ka1 a4 26. b4 a3 27. Bc1 Bd4 28. Bd2 Bxc3+ 29. Bxc3 e4 30. Nf4 Rad8 31. Nh5 f6 32. g5 Rxd1+ 33. Bxd1 e3 34. gxf6 Qe4 35. Nxg7 Qb1# 0-1